 Dungeon Crawl Stone Soup version 0.18-a0-1577-gf591c28 (webtiles) character file.

11403 ithil the Fighter (level 11, -3/107 HPs)
             Began as a Minotaur Berserker on Mar 19, 2016.
             Was a High Priest of Trog.
             Killed by divine providence
             ... invoked by Saint Roka
              (10 damage)
             ... on level 2 of the Orcish Mines.
             The game lasted 00:48:40 (9333 turns).

ithil the Fighter (Minotaur Berserker)              Turns: 9333, Time: 00:48:41

Health: -3/107     AC: 28    Str: 27    XL:     11   Next: 48%
Magic:  19/19      EV:  5    Int: 13    God:    Trog [*****.]
Gold:   952        SH:  0    Dex: 11    Spells: 0 memorised, 10 levels left

rFire  . . .     SeeInvis .     H - +10 battleaxe "Kuirucw" {chop, rC+}
rCold  + . .     Gourm    .     F - +7 plate armour of the Beggar {Str+3 Int+4}
rNeg   . . .     Faith    .     (shield currently unavailable)
rPois  +         Spirit   .     (helmet restricted)
rElec  .         Dismiss  .     y - +1 cloak {rPois}
rCorr  +         Reflect  .     B - +1 pair of gloves "Edwul" {MP+9 Int+3}
SustAt .         Harm     .     L - +0 pair of boots
MR     .....                    G - amulet of rage
Stlth  ..........               v - +2 ring of intelligence
                                k - ring of resist corrosion

@: drained, not resistant to hostile enchantments, extremely unstealthy
A: retaliatory headbutt, horns 2
a: Berserk, Trog's Hand, Brothers in Arms, Burn Spellbooks, Renounce Religion,
Evoke Berserk Rage


You were on level 2 of the Orcish Mines.
You worshipped Trog.
Trog was extremely pleased with you.
You were not hungry.

You visited 2 branches of the dungeon, and saw 13 of its levels.

You collected 952 gold pieces.

Inventory:

Hand Weapons
 b - a +1 hunting sling of freezing
 H - the +10 battleaxe "Kuirucw" (weapon) {chop, rC+}
   (Trog gifted it to you on level 10 of the Dungeon)

   It inflicts extra damage upon your enemies.
   It protects you from cold.
 I - a +3 morningstar of freezing
Missiles
 j - 344 stones
 D - 5 javelins of penetration (quivered)
Armour
 y - a +1 cloak of poison resistance (worn)
 B - the +1 pair of gloves "Edwul" (worn) {MP+9 Int+3}
   (You found it on level 5 of the Dungeon)

   It affects your intelligence (+3).
   It affects your magic capacity (+9).
 F - the +7 plate armour of the Beggar (worn) {Str+3 Int+4}
   (You found it on level 6 of the Dungeon)

   It affects your strength (+3).
   It affects your intelligence (+4).
 L - a +0 pair of boots (worn)
Rods
 o - a cursed +0 iron rod (14/14)
   (You found it on level 6 of the Dungeon)
Jewellery
 k - a ring of resist corrosion (left hand)
 v - a +2 ring of intelligence (right hand)
 G - an amulet of rage (around neck)
Wands
 g - a wand of heal wounds (3/9)
 h - a wand of acid (6/15)
 s - a wand of random effects (30/48)
 x - a wand of iceblast (5/15)
Scrolls
 a - 4 scrolls of identify
 e - a scroll of blinking
 f - 2 scrolls of remove curse
 n - 3 scrolls of recharging {unknown}
 J - a scroll of fear {unknown}
 K - a scroll of silence {unknown}
 P - a scroll of fog {unknown}
Potions
 i - 4 potions of degeneration {unknown}
 p - 2 potions of flight {unknown}
 r - 3 potions of brilliance {unknown}
 u - 2 potions of curing
 w - a potion of ambrosia {unknown}
 z - 3 potions of agility {unknown}
 A - 2 potions of haste
 C - a potion of magic {unknown}
 E - a potion of cure mutation
 M - a potion of lignification {unknown}
 N - a potion of berserk rage {unknown}
Comestibles
 c - 3 bread rations
 d - a royal jelly
 l - 6 chunks of flesh
 m - 2 meat rations
 q - 3 fruits
 t - a beef jerky
 Q - a slice of pizza


   Skills:
 * Level 13.5(12.9) Fighting
 + Level 4.1(7.0) Axes
 + Level 6.8(6.9) Maces & Flails
   Level 6.9(7.0) Polearms
 + Level 0.6(0.1) Throwing
 + Level 11.2(10.7) Armour
 + Level 7.7(7.2) Dodging
 + Level 1.6(1.2) Stealth


You had 10 spell levels left.
You didn't know any spells.

Dungeon Overview and Level Annotations

Branches:
Dungeon (11/15)            Temple (0/1) D:7            Lair (0/8) D:10
    Orc (2/2) D:10
    Elf: Orc:2

Altars:
Dithmenos
Gozag
Makhleb
Okawaru
Pakellas
Ru
Vehumet
Xom
Zin
Beogh

Annotations:
Orc:2 Saint Roka


Innate Abilities, Weirdness & Mutations

You reflexively headbutt those who attack you in melee.
You have a pair of horns on your head.


Message History

* * * LOW HITPOINT WARNING * * *
The ice devil completely misses you. The orc warrior barely misses you.
The orc warrior hits you but does no damage.
The orc warrior barely misses you.
The orc high priest mumbles some strange prayers to Beogh against you.
Beogh smites you!
* * * LOW HITPOINT WARNING * * *
The orc warrior closely misses you. The warg bites you.
* * * LOW HITPOINT WARNING * * *
The orc warrior hits you but does no damage.
An ettin comes into view. It is wielding two dire flails.
The ettin shouts in stereo!
The orc warrior misses you.
The orc wizard hits you but does no damage.
The orc hits you but does no damage.
There is a stone staircase leading up here.
Saint Roka mumbles some strange prayers to Beogh against you.
Beogh smites you!
You die...

#....................o.......)o.#
..............o......#......##.##
................C.....#....## ##
#................<.........#
#..............o..........###
............................#####
.....).......3oT...............##
.............o.oo................
#...........o.h#@........##....##
#.....).....o##4...#.###. ##.#.#.
#............o........#.. ##.....
#....[.................#. #......
.....)<................. .......
.....).........._....... ........
#................................
...#....)..#.....................
#.##....#)#..................#...


You could see Saint Roka, an ettin, an ice devil, a troll, a smoke demon, 3 orc
warriors, an orc wizard and 2 orcs.

Vanquished Creatures
  An orc high priest (Orc:2)
  The ghost of ithil the Protected, a novice MiFi (D:8)
  An orc sorcerer (Orc:2)
  A centaur zombie (D:10)
  Psyche (D:8)
  A gargoyle (D:10)
  6 trolls
  A two-headed ogre (Orc:1)
  Prince Ribbit (D:5)
  Sigmund (D:2)
  A hill giant zombie (D:10)
  2 hippogriffs
  3 hungry ghosts
  2 wargs (Orc:2)
  8 orc warriors
  3 sky beasts
  2 phantoms (D:10)
  A necrophage (D:6)
  8 ogres
  4 centaurs
  3 wolves (D:10)
  Blork the orc (D:6)
  9 giant frogs
  2 scorpions
  4 troll zombies (D:10)
  7 killer bees (D:8)
  5 wights (D:7)
  2 electric eels (D:10)
  5 howler monkeys (D:7)
  4 crimson imps
  A quasit (D:10)
  A jelly (D:10)
  13 orc priests
  6 hounds
  Crazy Yiuf (D:4)
  13 orc wizards
  4 giant frog skeletons
  Ijyb (D:2)
  2 iguanas
  4 worker ants
  3 ogre zombies (D:10)
  A hound skeleton (D:5)
  A worker ant zombie (D:8)
  2 howler monkey skeletons
  7 adders
  A shadow imp (D:5)
  3 adder skeletons
  2 worms (D:2)
  7 dart slugs
  6 giant geckos
  54 orcs
  2 ball pythons
  5 bats
  8 giant cockroaches
  15 goblins
  4 hobgoblins
  11 jackals
  7 kobolds
  5 quokkas
  2 giant gecko skeletons
  10 giant newts
  A goblin skeleton (D:10)
  A goblin zombie (D:10)
  A hobgoblin zombie (D:10)
  4 orc skeletons (D:10)
  18 orc zombies (D:10)
  5 rats
323 creatures vanquished.

Notes
Turn   | Place    | Note
--------------------------------------------------------------
     0 | D:1      | ithil the Minotaur Berserker began the quest for the Orb.
     0 | D:1      | Reached XP level 1. HP: 19/19 MP: 0/0
     3 | D:1      | Noticed an electric eel
     5 | D:1      | Noticed an electric eel
   120 | D:1      | Reached XP level 2. HP: 27/27 MP: 1/1
   127 | D:1      | Reached skill level 4 in Fighting
   411 | D:1      | Reached ** piety under Trog
   452 | D:1      | Reached XP level 3. HP: 30/33 MP: 2/2
  1195 | D:2      | Noticed Ijyb
  1229 | D:2      | Killed Ijyb
  1229 | D:2      | Reached XP level 4. HP: 36/41 MP: 3/3
  1401 | D:2      | Noticed Sigmund
  1420 | D:2      | Killed Sigmund
  1420 | D:2      | Reached skill level 5 in Fighting
  1420 | D:2      | Reached XP level 5. HP: 42/48 MP: 4/4
  1602 | D:3      | Reached skill level 5 in Polearms
  1602 | D:3      | Reached XP level 6. HP: 44/56 MP: 5/5
  1764 | D:3      | Reached *** piety under Trog
  1891 | D:3      | Reached skill level 5 in Dodging
  1973 | D:3      | Found an opulent altar of Gozag.
  2119 | D:3      | Reached XP level 7. HP: 61/61 MP: 6/6
  2579 | D:4      | Noticed Crazy Yiuf
  2586 | D:4      | Killed Crazy Yiuf
  2586 | D:4      | Reached skill level 6 in Fighting
  2667 | D:4      | Reached skill level 5 in Armour
  2700 | D:5      | Entered Level 5 of the Dungeon
  2783 | D:5      | Reached **** piety under Trog
  2801 | D:5      | Got a pair of heavily runed gloves
  2895 | D:5      | Noticed Prince Ribbit
  2917 | D:5      | Killed Prince Ribbit
  2917 | D:5      | Reached skill level 7 in Fighting
  2917 | D:5      | Reached XP level 8. HP: 30/73 MP: 7/7
  3136 | D:5      | Found an iron altar of Okawaru.
  3462 | D:5      | Found a glowing silver altar of Zin.
  3558 | D:5      | Found an oddly glowing altar of Pakellas.
  3916 | D:6      | Identified the +1 pair of gloves "Edwul" {MP+9 Int+3} (You found it on level 5 of the Dungeon)
  4040 | D:6      | Found a sacrificial altar of Ru.
  4106 | D:6      | Found a radiant altar of Vehumet.
  4111 | D:6      | Got a crude plate armour
  4122 | D:6      | Identified the +7 plate armour of the Beggar {Str+3 Int+4} (You found it on level 6 of the Dungeon)
  4146 | D:6      | Noticed Blork the orc
  4152 | D:6      | Killed Blork the orc
  4152 | D:6      | Reached skill level 8 in Fighting
  4396 | D:6      | Reached skill level 9 in Fighting
  4602 | D:7      | Reached skill level 1 in Maces & Flails
  4607 | D:7      | Reached XP level 9. HP: 83/83 MP: 8/8
  4626 | D:7      | Reached skill level 1 in Stealth
  4793 | D:7      | Found a staircase to the Ecumenical Temple.
  4872 | D:7      | Reached skill level 10 in Fighting
  4899 | D:7      | Found a burning altar of Makhleb.
  5242 | D:7      | Noticed a balrug
  5505 | D:8      | Noticed Psyche
  5516 | D:8      | Reached ***** piety under Trog
  5530 | D:8      | Killed Psyche
  5534 | D:8      | Noticed ithil's ghost (novice MiFi)
  5552 | D:8      | Killed ithil's ghost
  5552 | D:8      | Reached skill level 11 in Fighting
  5552 | D:8      | Reached XP level 10. HP: 73/95 MP: 9/9
  5568 | D:8      | Found a shadowy altar of Dithmenos.
  5909 | D:8      | Reached skill level 5 in Maces & Flails
  6444 | D:9      | Found a shimmering altar of Xom.
  6994 | D:10     | Entered Level 10 of the Dungeon
  7078 | D:10     | Found a staircase to the Orcish Mines.
  7255 | D:10     | Reached skill level 12 in Fighting
  7255 | D:10     | Reached skill level 10 in Armour
  7382 | D:10     | Received a gift from Trog
  7401 | D:10     | Got a brightly glowing battleaxe {god gift}
  7402 | D:10     | Identified the +10 battleaxe "Kuirucw" {chop, rC+} (Trog gifted it to you on level 10 of the Dungeon)
  7582 | D:10     | Found a staircase to the Lair.
  7763 | D:10     | Noticed a gargoyle
  7773 | D:10     | Killed a gargoyle
  7845 | D:10     | Reached skill level 1 in Axes
  7845 | D:10     | Reached XP level 11. HP: 105/105 MP: 10/10
  8116 | Orc:1    | Entered Level 1 of the Orcish Mines
  8768 | Orc:2    | Entered Level 2 of the Orcish Mines
  8981 | Orc:2    | Noticed an orc high priest
  8988 | Orc:2    | Found a roughly hewn altar of Beogh.
  8994 | Orc:2    | Reached skill level 13 in Fighting
  9051 | Orc:2    | Noticed a sun demon
  9062 | Orc:2    | Killed an orc high priest
  9159 | Orc:2    | Received a gift from Trog
  9162 | Orc:2    | Noticed an orc sorcerer
  9171 | Orc:2    | Noticed a soul eater
  9172 | Orc:2    | Paralysed by an orc sorcerer for 4 turns
  9176 | Orc:2    | Killed an orc sorcerer
  9293 | Orc:2    | Noticed an orc high priest
  9299 | Orc:2    | Noticed Saint Roka
  9327 | Orc:2    | Noticed a soul eater
  9332 | Orc:2    | Noticed an ettin
  9333 | Orc:2    | Killed from afar by Saint Roka

Vault maps used:
D:1:      arrival_aquarium_b
D:2:      first_bread, uniq_sigmund, uniq_iyjb
D:3:      lemuel_doored_altar, minmay_ogre_servants
D:4:      uniq_crazy_yiuf_cottage
D:5:      okawaru_ov_weapons_minmay, basic_altar, grunt_pakellas_sulfur,
          uniq_prince_ribbit1
D:6:      kennysheep_mini_moat, nicolae_overflow_hidden_temple,
          uniq_blork_the_orc
D:7:      makhleb_altar_promises_db, minmay_temple_entry_purple_smoke
D:8:      lemuel_round_altar, uniq_psyche
D:9:      lemuel_crystal_altar
D:10:     erik_lair_island, zombieorc2_lemuel
D:11:     enter_bailey_3
Orc:2:    grunt_orc_cross, basic_altar, hangedman_minor_magic

Skill      XL: |  1  2  3  4  5  6  7  8  9 10 11 |
---------------+----------------------------------+-----
Fighting       | 4 5 7 9 11 12 13 | 13.5
Polearms       | 4 5 6 |  6.9
Dodging        | 3 4 5 6 7 |  7.7
Armour         | 3 4 6 8 10 11 | 11.2
Maces & Flails | 1 4 6 |  6.8
Stealth        | 1 |  1.6
Axes           | 1 4 |  4.1
Throwing       | |  0.6

Action                   |  1- 3 |  4- 6 |  7- 9 | 10-12 || total
-------------------------+-------+-------+-------+-------++-------
Melee: Spear             |   110 |    86 |   171 |       ||   367
       Mace              |       |       |   188 |   209 ||   397
       Battleaxe         |       |       |       |   116 ||   116
Throw: Stone             |     2 |     3 |     5 |    10 ||    20
Invok: Berserk           |       |     1 |     1 |       ||     2
       Burn Spellbooks   |       |       |       |     1 ||     1
Evoke: Wand              |       |       |       |     1 ||     1
  Use: Scroll            |     1 |     3 |    12 |     1 ||    17
       Potion            |       |     1 |     1 |     3 ||     5
  Eat: Chunk             |     1 |     4 |    10 |     6 ||    21
       Pizza             |       |       |     2 |       ||     2
       Meat ration       |       |       |     1 |     1 ||     2
       Bread ration      |       |       |     1 |     1 ||     2
       Fruit             |       |       |       |     1 ||     1
